 Dungeon Crawl Stone Soup version 0.31.0-11-ge490571c62 (webtiles) character file.

Game seed: 17602734337092708255

10262 zenocrate the Covert (level 11, -7/58 HPs)
             Began as a Vine Stalker Enchanter on Jan 26, 2024.
             Was an Initiate of Gozag.
             Mangled by a hell beast (14 damage)
             ... in a Gauntlet.
             The game lasted 00:11:56 (9278 turns).

zenocrate the Covert (Vine Stalker Enchanter)       Turns: 9278, Time: 00:11:57

Health: -7/58      AC: 11    Str: 10    XL:     11   Next: 59%
Magic:  0/16       EV: 16    Int: 15    God:    Gozag
Gold:   1251       SH:  0    Dex: 20    Spells: 7/16 levels left

rFire   . . .        a - +8 demon blade "Leech" {evervamp, Harm ^Drain rN+}
rCold   . . .        (no shield)
rNeg    + . .        L - +0 steam dragon scales
rPois   +            s - +0 helmet
rElec   .            g - +0 cloak
rCorr   +            n - +1 pair of gloves
SInv    .            p - +0 pair of boots
Will    +....        u - amulet of the acrobat
Stlth   +++++        h - ring of poison resistance
HPRegen 1.09/turn    c - ring of resist corrosion
MPRegen 0.15/turn

%: no teleportation, harm (+30% outgoing, +20% incoming), acrobat, guardian
spirit
@: gold aura
A: fangs 3, regeneration 1, magic shield, antimagic bite, no potion heal 2
a: Renounce Religion, Potion Petition, Call Merchant, Bribe Branch


You were in a Gauntlet.
You worshipped Gozag.
Gozag was most pleased with you.
You visited 3 branches of the dungeon, and saw 12 of its levels.
You also visited: Gauntlet.

You collected 1420 gold pieces.
You paid 169 gold pieces to Gozag.

Inventory:

Hand Weapons
 a - the +8 demon blade "Leech" (weapon) {evervamp, Harm ^Drain rN+}
   (You found it on level 5 of the Dungeon)

   rN+:       It protects you from negative energy.
   ^Drain:    It drains your maximum health when unequipped.
   Harm:      It increases damage dealt and taken.
 b - a +2 rapier of protection
 F - a +1 dagger of draining
 G - a +1 dagger
 I - a +0 rapier of venom
Missiles
 t - 11 boomerangs (quivered)
 B - 10 poisoned darts
 D - 4 throwing nets
Armour
 g - a +0 cloak (worn)
 n - a +1 pair of gloves (worn)
 p - a +0 pair of boots (worn)
 s - a +0 helmet (worn)
 A - a +0 kite shield
 L - +0 steam dragon scales (worn)
Jewellery
 c - a ring of resist corrosion (right hand)
 h - a ring of poison resistance (left hand)
 u - an amulet of the acrobat (around neck)
 M - a ring of wizardry
Wands
 z - a wand of paralysis (19)
 K - a wand of polymorph (13)
 N - a wand of flame (19)
Scrolls
 d - a scroll of revelation
 f - 2 scrolls of fog
 i - 2 scrolls of vulnerability
 o - 2 scrolls of torment
 q - 3 scrolls of poison
 r - a scroll of brand weapon
 y - a scroll of teleportation
 E - a scroll of immolation
 O - a scroll of fear {unknown}
Potions
 j - 6 potions of curing
 k - a potion of mutation
 m - 5 potions of haste
 v - a potion of ambrosia
 x - 2 potions of attraction
 H - a potion of might
 J - a potion of enlightenment


   Skills:
 + Level 6.9 Fighting
 - Level 4.2(5.8) Short Blades
 + Level 6.2(6.8) Long Blades
 + Level 2.7 Armour
 + Level 6.9 Dodging
 + Level 11.6 Stealth
 + Level 2.8 Shields
 + Level 3.0 Spellcasting
 - Level 4.2 Hexes
 - Level 2.5 Ice Magic
 + Level 2.9 Evocations


You had 7 spell levels left.
You knew the following spells:

 Your Spells              Type           Power      Damage    Failure   Level
a - Ensorcelled Hibernat  Hex/Ice        24%        N/A       8%          2
b - Confusing Touch       Hex            14%        N/A       11%         3
c - Tukima's Dance        Hex            14%        N/A       11%         3
m - Apportation           Tloc           4%         N/A       21%         1

Your spell library contained the following spells:

 Spells                   Type           Power      Damage    Failure   Level
 Slow                     Hex            56%        N/A       3%          1
 Sigil of Binding         Hex            14%        N/A       11%         3
 Kiss of Death            Conj/Necr      8%         2d6       21%         1
 Necrotise                Necr           8%         1d4       21%         1
 Sting                    Conj/Alch      8%         1d3       21%         1
 Summon Small Mammal      Summ           8%         N/A       21%         1
 Dazzling Flash           Conj/Hex       16%        N/A       26%         3
 Summon Ice Beast         Ice/Summ       6%         N/A       34%         3
 Vampiric Draining        Necr           2%         2d6       52%         3
 Dispel Undead            Necr           2%         3d7       89%         4
 Summon Mana Viper        Hex/Summ       8%         N/A       93%         5
 Monstrous Menagerie      Summ           1%         N/A       100%        7


Dungeon Overview and Level Annotations

Branches:
Dungeon (10/15)            Temple (1/1) D:7            Lair (1/5) D:10
    Orc (0/2) D:9         Gauntlet (1/1)

Altars:
Ashenzari
Cheibriados
Dithmenos
Elyvilon
Fedhas
Gozag
Hepliaklqana
Kikubaaqudgha
Makhleb
Nemelex Xobeh
Okawaru
Qazlal
Ru
Sif Muna
Trog
Uskayaw
Vehumet
Wu Jian
Xom
Yredelemnul
Zin
The Shining One

Shops:
D:6 *   D:7 *

Annotations:
D:7 2 transporters, sasquatch's ghost, novice DENe
D:8 exclusion: oklob plant
D:10 2 transporters, Taul's ghost, journeyman GnFi Gauntlet 11 transporters, 21 runed translucent doors


Innate Abilities, Weirdness & Mutations

You have razor-sharp teeth.
Your natural rate of healing is unusually fast.
When hurt, damage is shared between your health and your magic reserves.
Your bite disrupts and absorbs the magic of your enemies.
Potions cannot restore your health.


Message History

You miss the hell hound. Your bite misses the hell hound.
The hell hound misses you.
You hit the hell hound but do no damage.
The hell hound misses you.
You slice the hell hound!! You bite the hell hound.
You kill the hell hound!
Your Spellcasting skill increases to level 3!
You see here 6 gold pieces.
The hell beast barely misses you. The hell beast closely misses you.
The hell beast bites you but does no damage.
The hell beast barely misses you.
A hell beast is nearby!
You miss the hell beast. Your bite misses the hell beast.
The hell beast misses you. The hell beast barely misses you.
A hell beast is nearby!
You slash the hell beast! Your bite misses the hell beast.
The hell beast is lightly wounded.
The hell beast barely misses you. The hell beast completely misses you.
The hell beast misses you. The hell beast tramples you.
You hold your ground!
You slash the hell beast! You bite the hell beast. You drain its power.
You feel invigorated.
The hell beast is moderately wounded.
The hell beast bites you but does no damage.
The hell beast closely misses you.
You barely miss the hell beast. Your bite misses the hell beast.
The hell beast is moderately wounded.
The hell beast barely misses you.
The hell beast tramples you but does no damage.
The hell beast bites you! The hell beast tramples you.
You hold your ground!
You slash the hell beast!
You bite the hell beast, but do no damage.
The hell beast is heavily wounded.
The hell beast bites you! The hell beast tramples you.
You hold your ground!
You miss the hell beast. Your bite misses the hell beast.
The hell beast is heavily wounded.
The hell beast bites you!
* * * LOW HITPOINT WARNING * * *
The hell beast tramples you!
You die...
Your body crumbles into a pile of gold.

............§∩≈............§###
......©.............©.......#8#
.###########...###########..###
.#.........#...#........2#..#
.#.#.....#.#.∩.#..##.##..#..###
##.##...##.#...#.##...##.#..#8#
.#..##.##..#...#.#.....#.#..###
©#....©....#...#.2..©....#..#
.#..#####.D#...#@#.....#.#..###
##.##h..##.#...#$##...##.#..#8#
.#.#h....#.#...#..##.##..#..###
.#...!©=...#...#..[[©!...#..#
.###########...###########..###
.............≈....#.©.#.....#8#
≈...........≈8§§..#...#.8...###
§............≈....#.©.#.....#
.###########§.§###########..###


You could see a hell beast and a steam dragon.

Vanquished Creatures
  A two-headed ogre (D:8)
  Nergalle (D:10)
  A cyclops (D:9)
  A cane toad (Lair:1)
  Psyche (D:10)
  The ghost of jestert79 the Insei, a novice OpSh (D:5)
  A komodo dragon (Lair:1)
  2 trolls
  A polar bear (D:9)
  11 yaks
  2 wyverns (D:9)
  3 steam dragons
  2 water moccasins
  2 acid dragons
  A hell hound (Gauntlet)
  3 orc warriors
  A black bear (D:4)
  An ogre (D:5)
  4 ice beasts
  A wolf (D:9)
  2 sky beasts
  3 phantoms
  3 centaurs
  A kobold brigand (D:9)
  2 scorpions (D:6)
  4 bullfrogs
  3 gnoll sergeants
  11 wights
  3 howler monkeys
  3 bombardier beetles
  3 jellies
  6 hounds
  5 orc priests
  Crazy Yiuf (D:5)
  A gnoll bouda (D:5)
  An iguana (D:6)
  16 orc wizards
  A sleepcap (D:6)
  12 adders
  20 gnolls
  A shadow imp (D:5)
  4 white imps
  2 ufetubi (D:6)
  4 dart slugs
  A ribbon worm (D:2)
  51 orcs
  6 ball pythons
  2 bats
  An endoplasm (D:1)
  3 giant cockroaches
  5 goblins
  9 hobgoblins
  15 jackals
  9 kobolds
  4 quokkas
  4 frilled lizards
  2 rats
265 creatures vanquished.

Vanquished Creatures (others)
  An orc priest (D:6)
  An orc (D:9)
2 creatures vanquished.

Grand Total: 267 creatures vanquished

Notes
Turn   | Place    | Note
-------+----------+-------------------------------------------
     0 | D:1      | zenocrate the Vine Stalker Enchanter began the quest for
                  | the Orb.
     0 | D:1      | Reached XP level 1. HP: 9/9 MP: 4/4
    73 | D:1      | Reached skill level 1 in Short Blades
   107 | D:1      | Reached XP level 2. HP: 10/13 MP: 1/6
   110 | D:1      | Learned a level 2 spell: Ensorcelled Hibernation
   761 | D:2      | Reached skill level 4 in Stealth
   761 | D:2      | Reached XP level 3. HP: 16/16 MP: 7/7
   765 | D:2      | Learned a level 3 spell: Confusing Touch
  1905 | D:3      | Reached skill level 1 in Ice Magic
  1905 | D:3      | Reached XP level 4. HP: 21/21 MP: 1/8
  2105 | D:3      | Reached XP level 5. HP: 24/24 MP: 6/9
  2109 | D:3      | Learned a level 3 spell: Tukima's Dance
  2418 | D:3      | Found a radiant altar of Vehumet.
  2809 | D:4      | Noticed a phantom
  2829 | D:4      | Killed a phantom
  2830 | D:4      | Reached XP level 6. HP: 25/28 MP: 7/10
  3023 | D:4      | Noticed a black bear
  3041 | D:4      | Killed a black bear
  3042 | D:4      | Reached skill level 5 in Stealth
  3186 | D:4      | Reached skill level 1 in Fighting
  3238 | D:4      | Found a sparkling altar of Nemelex Xobeh.
  3269 | D:4      | Learned a level 1 spell: Apportation
  3391 | D:5      | Entered Level 5 of the Dungeon
  3391 | D:5      | Found a runed translucent door.
  3393 | D:5      | Noticed jestert79's ghost (novice OpSh)
  3442 | D:5      | Reached XP level 7. HP: 33/33 MP: 11/11
  3457 | D:5      | Found a runed translucent door.
  3458 | D:5      | Noticed Crazy Yiuf
  3546 | D:5      | Found a broken altar of Ashenzari.
  3592 | D:5      | Found the +8 demon blade "Leech" {evervamp, Harm ^Drain
                  | rN+}
  4199 | D:5      | Killed jestert79's ghost
  4200 | D:5      | Reached skill level 6 in Stealth
  4200 | D:5      | Gained mutation: You have razor-sharp teeth. [Vine Stalker
                  | growth]
  4200 | D:5      | Reached XP level 8. HP: 28/39 MP: 10/12
  4252 | D:5      | Killed Crazy Yiuf
  4385 | D:6      | Found a shimmering blue altar of Sif Muna.
  4405 | D:6      | Reached skill level 1 in Long Blades
  4456 | D:6      | Reached skill level 7 in Stealth
  4615 | D:6      | Found a hazy altar of Hepliaklqana.
  4791 | D:6      | Found a shimmering altar of Xom.
  4804 | D:6      | Reached XP level 9. HP: 43/45 MP: 10/13
  4941 | D:6      | Found Fgufo's Fabulous Fripperies.
  4989 | D:6      | Found a bloodstained altar of Trog.
  5310 | D:7      | Reached skill level 8 in Stealth
  5475 | D:7      | Reached skill level 5 in Dodging
  5542 | D:7      | Found Wehon's Serpentskin Sales.
  5902 | D:7      | Reached skill level 5 in Fighting
  5922 | D:7      | Found a transporter.
  5928 | D:7      | Found a transporter.
  5928 | D:7      | Noticed a queen bee
  5929 | D:7      | Noticed sasquatch's ghost (novice DENe)
  6074 | D:7      | Reached skill level 9 in Stealth
  6097 | D:7      | Found a staircase to the Ecumenical Temple.
  6108 | Temple   | Entered the Ecumenical Temple
  6210 | D:8      | Reached XP level 10. HP: 35/51 MP: 8/14
  6440 | D:8      | Found a white marble altar of Elyvilon.
  6440 | D:8      | Found a glowing golden altar of the Shining One.
  6441 | D:8      | Found a glowing silver altar of Zin.
  6470 | D:8      | Noticed a two-headed ogre
  6476 | D:8      | Found an opulent altar of Gozag.
  6481 | D:8      | Killed a two-headed ogre
  6482 | D:8      | Reached skill level 5 in Long Blades
  6482 | D:8      | Reached skill level 10 in Stealth
  6517 | D:8      | Became a worshipper of Gozag Ym Sagoz the Greedy
  6786 | D:8      | Found a blossoming altar of Fedhas.
  6804 | D:8      | Noticed an oklob plant
  7297 | D:9      | Reached skill level 1 in Armour
  7297 | D:9      | Reached skill level 1 in Shields
  7297 | D:9      | Reached skill level 1 in Evocations
  7460 | D:9      | Found a stormy altar of Qazlal.
  7698 | D:9      | Noticed a cyclops
  7705 | D:9      | Reached skill level 11 in Stealth
  7705 | D:9      | Reached XP level 11. HP: 58/58 MP: 7/15
  7709 | D:9      | Killed a cyclops
  7780 | D:9      | Found a staircase to the Orcish Mines.
  7987 | D:9      | Found a basalt altar of Yredelemnul.
  8269 | D:10     | Entered Level 10 of the Dungeon
  8269 | D:10     | Noticed Nergalle
  8279 | D:10     | Killed Nergalle
  8298 | D:10     | Found a transporter.
  8300 | D:10     | Found a transporter.
  8337 | D:10     | Noticed Psyche
  8343 | D:10     | Killed Psyche
  8376 | D:10     | Found a staircase to the Lair.
  8725 | D:10     | Noticed a moth of wrath
  8726 | D:10     | Found a bloodstained altar of Trog.
  8726 | D:10     | Noticed a two-headed ogre
  8726 | D:10     | Noticed Taul's ghost (journeyman GnFi)
  8738 | D:10     | Noticed a tengu warrior
  9003 | Lair:1   | Entered Level 1 of the Lair of Beasts
  9040 | Lair:1   | Found a gate leading to a gauntlet.
  9049 | Gauntlet | Entered a Gauntlet
  9049 | Gauntlet | Noticed a hell beast
  9049 | Gauntlet | Found a transporter.
  9049 | Gauntlet | Found a transporter.
  9064 | Gauntlet | Found a transporter.
  9064 | Gauntlet | Found a transporter.
  9068 | Gauntlet | Noticed a wolf spider
  9071 | Gauntlet | Noticed an entropy weaver
  9074 | Gauntlet | Found a transporter.
  9140 | Gauntlet | Found a transporter.
  9154 | Gauntlet | Found a transporter.
  9165 | Gauntlet | Found a transporter.
  9167 | Gauntlet | Found a large runed translucent door.
  9168 | Gauntlet | Found a large runed translucent door.
  9169 | Gauntlet | Found a large runed translucent door.
  9169 | Gauntlet | Found a large runed translucent door.
  9169 | Gauntlet | Found a runed translucent door.
  9169 | Gauntlet | Found a runed translucent door.
  9170 | Gauntlet | Found a large runed translucent door.
  9171 | Gauntlet | Found a large runed translucent door.
  9172 | Gauntlet | Found a large runed translucent door.
  9172 | Gauntlet | Found a large runed translucent door.
  9173 | Gauntlet | Found a runed translucent gate.
  9173 | Gauntlet | Found a runed translucent gate.
  9173 | Gauntlet | Found a runed translucent gate.
  9175 | Gauntlet | Found a transporter.
  9184 | Gauntlet | Found a large runed translucent door.
  9184 | Gauntlet | Found a large runed translucent door.
  9185 | Gauntlet | Found a large runed translucent door.
  9186 | Gauntlet | Found a large runed translucent door.
  9190 | Gauntlet | Found a transporter.
  9196 | Gauntlet | Found a transporter.
  9217 | Gauntlet | Found a transporter.
  9228 | Gauntlet | Found a large runed translucent door.
  9229 | Gauntlet | Found a large runed translucent door.
  9230 | Gauntlet | Found a large runed translucent door.
  9230 | Gauntlet | Found a large runed translucent door.
  9265 | Gauntlet | Identified the +1 pair of gloves of Plog {rC+}
  9278 | Gauntlet | Mangled by a hell beast

Illustrated notes

Levels and vault maps discovered:
D:1:      onia_arrival_mini_spirals, layout_basic, minivault_14,
          chequers_serial_rivers_room_a, kennysheep_flooded_box
D:2:      layout_basic
D:3:      layout_basic, mainiacjoe_overflow_small_starburst
D:4:      layout_basic, kennysheep_little_box
D:5:      nicolae_cairo_tiling_large_dashed, layout_rooms,
          cheibrodos_ashenzari_chains, ebering_ghost_sewer_d, serial_aquarium,
          aquarium_bridge_long_separate [aquarium_subvault_wall,
          aquarium_subvault_bridge, aquarium_subvault_bridge,
          aquarium_subvault_bridge, aquarium_subvault_wall,
          aquarium_subvault_bridge], aquarium_window_corridor_1,
          aquarium_window_1, aquarium_window_corner, aquarium_view_4,
          minmay_misc_feat_enclosed, st_stairs_11, uniq_crazy_yiuf_cottage
D:6:      layout_gridville, mainiacjoe_overflow_24_doors, xom_confusion_cloud,
          mainiacjoe_overflow_big_doors, nicolae_water_bricks,
          nicolae_alphabet_shops
D:7:      layout_gridville, temple_hall, gammafunk_ghost_hive,
          hangedman_glass_teeth, guppyfry_shop_venom
D:8:      layout_basic, good_gods_temple_1, grunt_gozag_statues, tgw_fedhas
D:9:      layout_gridville, mainiacjoe_overflow_boulevard,
          nicolae_overflow_crystal_walls, erik_orc_3, serial_ice, serial_ice_a,
          serial_ice_n, serial_ice_h, serial_ice_f, nicolae_two_hexagons,
          minmay_misc_feat_nine_boxes
D:10:     layout_small_grid, lair_entry_dummy,
          gammafunk_ghost_wrathful_warriors, chequers_serial_rivers_micro_a,
          uniq_psyche, uniq_nergalle
Temple:   hellmonk_temple_two_chambers
Lair:1:   layout_chaotic_city, gauntlet_entry_generic, uniq_sonja
Gauntlet: gammafunk_gauntlet_shortcut [gammafunk_gauntlet_arena_split_diamond,
          gammafunk_gauntlet_arena_spirals, gammafunk_gauntlet_arena_split_x,
          gammafunk_gauntlet_arena_arrow_garden,
          minmay_gauntlet_arena_make_your_own_arena, nicolae_gauntlet_swirl,
          nicolae_gauntlet_exit_dead_adventurers]

Skill      XL: |  1  2  3  4  5  6  7  8  9 10 11 |
---------------+----------------------------------+-----
Short Blades   | 1 2 3 4 |  4.2
Stealth        | 4 5 6 7 9 11 | 11.6
Dodging        | 2 3 4 5 6 |  6.9
Ice Magic      | 1 2 |  2.5
Hexes          | 4 |  4.2
Fighting       | 1 2 3 5 6 |  6.9
Long Blades    | 2 4 5 6 |  6.2
Armour         | 1 2 |  2.7
Shields        | 1 2 |  2.8
Evocations     | 1 2 |  2.9
Spellcasting   | 3 |  3.0

Action                     |  1- 3 |  4- 6 |  7- 9 | 10-12 || total
---------------------------+-------+-------+-------+-------++-------
  Melee: Dagger            |    87 |    42 |       |       ||   129
         Bite              |    22 |    34 |    42 |    66 ||   164
         Punch             |     1 |     3 |     2 |     2 ||     8
         Rapier            |       |    92 |    25 |       ||   117
         Demon blade       |       |       |   174 |   236 ||   410
   Cast: Ensorcelled Hiber |     2 |     5 |     1 |       ||     8
         Confusing Touch   |       |     2 |       |       ||     2
  Evoke: Wand              |       |       |     1 |       ||     1
    Use: Scroll            |     5 |     3 |     3 |    10 ||    21
         Potion            |       |       |     2 |       ||     2
   Stab: Sleeping          |    11 |    15 |    16 |     8 ||    50
         Distracted        |       |       |     1 |     2 ||     3
         Invisible         |       |       |     1 |       ||     1
 Armour: Robe              |    33 |    59 |   127 |       ||   219
         Steam dragon scal |       |       |    11 |   124 ||   135
  Dodge: Dodged            |    47 |    89 |   192 |   217 ||   545
